 Dungeon Crawl Stone Soup version 0.31.0-4-g52a2dc7128 (webtiles) character file.

Game seed: 5144694317664102251

212777 Esekla the Eclecticist (level 19, -7/149 HPs)
             Began as a Formicid Hedge Wizard on Jan 22, 2024.
             Was the Champion of Vehumet.
             Killed from afar by an ironbound thunderhulk (27 damage)
             ... with a bolt of lightning
             ... on level 3 of the Vaults on Jan 23, 2024.
             The game lasted 05:09:36 (39741 turns).

Esekla the Eclecticist (Formicid Hedge Wizard)     Turns: 39741, Time: 05:09:37

Health: -7/149     AC: 20    Str: 16    XL:     19   Next: 65%
Magic:  30/38      EV: 13    Int: 30    God:    Vehumet [******]
Gold:   1525       SH:  8    Dex: 13    Spells: 15/49 levels left

rFire   . . .        v - +3 dagger (venom)
rCold   . . .        R - +2 buckler
rNeg    . . .        Q - +3 ring mail of Lugonu's Esteem {rPois}
rPois   +            (helmet unavailable)
rElec   .            W - +0 cloak
rCorr   .            B - +2 pair of gloves {Stlth+}
SInv    +            i - +0 pair of boots
Will    +....        q - amulet of regeneration
Stlth   ++++         G - ring of the Tarantula {AC+4 Int+3}
HPRegen 1.24/turn    b - +6 ring of intelligence
MPRegen 0.26/turn

%: no passive effects
@: fugue, studying Long Blades
A: permanent stasis, dig shafts and tunnels, antennae 3, four strong arms
}: 1/15 runes: decaying
a: Dig, Shaft Self, Renounce Religion


You were on level 3 of the Vaults.
You worshipped Vehumet.
Vehumet was exalted by your worship.
You visited 7 branches of the dungeon, and saw 32 of its levels.
You also visited: Ossuary.

You collected 3401 gold pieces.
You spent 1876 gold pieces at shops.

Inventory:

Hand Weapons
 a - a +0 falchion of electrocution
 e - a +2 dagger of electrocution
 f - a +3 scimitar of flaming
 j - the +8 whip "Snakebite" {venom, curare, rPois}
   (You took it off Amaemon on level 2 of the Lair of Beasts)

   rPois:     It protects you from poison
 r - a +1 glaive of flaming
 v - a +3 dagger of venom (weapon)
 x - a +3 demon blade of venom
Missiles
 w - 13 boomerangs
 J - 3 curare-tipped darts
 K - 19 poisoned darts (quivered)
Armour
 i - a +0 pair of boots (worn)
 B - a +2 pair of gloves of stealth (worn)
 N - a +2 leather armour of fire resistance
 Q - the +3 ring mail of Lugonu's Esteem (worn) {rPois}
   (You found it on level 10 of the Dungeon)

   rPois:     It protects you from poison
 R - a +2 buckler (worn)
 U - a +0 troll leather armour
 W - a +0 cloak (worn)
Jewellery
 b - a +6 ring of intelligence (right hand)
 q - an amulet of regeneration (around neck)
 C - the ring "Bafoclin" {rElec rF- Int+6 Dex+7}
   (You found it on level 4 of the Lair of Beasts)

   [ring of intelligence]

   Int+6:     It affects your intelligence (+6).
   Dex+7:     It affects your dexterity (+7).
   rF-:       It makes you vulnerable to fire.
   rElec:     It insulates you from electricity.
 F - a ring of flight
 G - the ring of the Tarantula (left hand) {AC+4 Int+3}
   (You bought it in a shop on level 1 of the Dungeon)

   [ring of protection]

   AC+4:      It affects your AC (+4).
   Int+3:     It affects your intelligence (+3).
 S - a ring of ice
Wands
 s - a wand of digging (14)
 t - a wand of paralysis (15)
 y - a wand of flame (111)
 L - a wand of roots (43)
 X - a wand of mindburst (17)
 Y - a wand of acid (4)
Scrolls
 d - 5 scrolls of brand weapon
 m - 3 scrolls of fog
 n - 6 scrolls of revelation
 z - 3 scrolls of enchant weapon
 D - 8 scrolls of identify
 E - 5 scrolls of poison
 M - 2 scrolls of enchant armour
 P - 2 scrolls of fear
 V - 2 scrolls of butterflies
Potions
 c - 2 potions of magic
 g - 4 potions of brilliance
 h - 5 potions of enlightenment
 k - 2 potions of invisibility
 l - 4 potions of attraction
 o - 3 potions of resistance
 p - 5 potions of might
 u - 2 potions of mutation
 A - 5 potions of lignification
 H - 2 potions of heal wounds
 I - 2 potions of cancellation
 O - 12 potions of curing
 Z - 2 potions of ambrosia
Miscellaneous
 T - a lightning rod (4/4)


   Skills:
 * Level 13.0 Fighting
 + Level 6.3(11.0) Short Blades
 * Level 14.0(14.5) Long Blades
 + Level 0.9 Polearms
 + Level 3.1 Throwing
 + Level 10.6 Armour
 + Level 6.2 Dodging
 + Level 9.4 Stealth
 + Level 7.7 Shields
 * Level 15.7 Spellcasting
 + Level 7.1 Conjurations
 + Level 1.0 Summonings
 * Level 10.4 Necromancy
 + Level 1.2 Translocations
 + Level 7.5 Fire Magic
 + Level 7.9 Ice Magic
 + Level 3.9 Air Magic
 * Level 10.8 Earth Magic
 + Level 10.7 Alchemy
 + Level 0.6 Evocations


You had 15 spell levels left.
You knew the following spells:

 Your Spells              Type           Power      Damage    Failure   Level
a - Ozocubu's Armour      Ice            63%        N/A       1%          3
b - Magic Dart            Conj           100%       1d8       1%          1
c - Mephitic Cloud        Conj/Alch/Air  61%        N/A       1%          3
d - Vampiric Draining     Necr           72%        2d11      1%          3
i - Irradiate             Conj/Alch      33%        3d22      1%          5
l - Lee's Rapid Deconstr  Erth           36%        3d18*     1%          5
n - Ignite Poison         Fire/Alch      68%        N/A       1%          4
o - Scorch                Fire           100%       2d9       1%          2
p - Apportation           Tloc           60%        N/A       2%          1
u - Dispel Undead         Necr           72%        3d24      1%          4
w - Fugue of the Fallen   Necr           72%        N/A       1%          3

Your spell library contained the following spells:

 Spells                   Type           Power      Damage    Failure   Level
 Ignition                 Fire           31%        3d10      94%         8
 Maxwell's Capacitive Co  Air            23%        ∞         100%        8
 Polar Vortex             Ice            31%        12d4*     100%        9
 Kiss of Death            Conj/Necr      100%       2d13      1%          1
 Necrotise                Necr           100%       1d9       1%          1
 Sandblast                Erth           100%       2d20      1%          1
 Shock                    Conj/Air       100%       1d9       1%          1
 Sting                    Conj/Alch      100%       1d9       1%          1
 Cigotuvi's Dreadful Rot  Necr/Alch/Air  100%       N/A       1%          2
 Ensorcelled Hibernation  Hex/Ice        94%        N/A       1%          2
 Momentum Strike          Conj/Tloc      96%        3d10      1%          2
 Passwall                 Erth           73%        N/A       1%          3
 Stone Arrow              Conj/Erth      100%       3d13      1%          3
 Brom's Barrelling Bould  Conj/Erth      67%        2d8       1%          4
 Flame Wave               Conj/Fire      61%        2d14      1%          4
 Petrify                  Alch/Erth      73%        N/A       1%          4
 Summon Small Mammal      Summ           100%       N/A       2%          1
 Airstrike                Air            23%        2d(4-20)  2%          4
 Lesser Beckoning         Tloc           60%        N/A       3%          2
 Yara's Violent Unravell  Hex/Alch       26%        3d11      3%          5
 Slow                     Hex            92%        N/A       4%          1
 Call Imp                 Summ           58%        N/A       4%          2
 Anguish                  Hex/Necr       26%        N/A       4%          4
 Summon Blazeheart Golem  Fire/Summ      49%        N/A       7%          4
 Call Canine Familiar     Summ           29%        N/A       8%          3
 Confusing Touch          Hex            23%        N/A       12%         3
 Sigil of Binding         Hex            23%        N/A       12%         3
 Sculpt Simulacrum        Ice/Alch       34%        N/A       14%         6
 Metabolic Englaciation   Hex/Ice        23%        N/A       22%         5
 Manifold Assault         Tloc           30%        N/A       24%         4
 Summon Forest            Summ/Tloc      15%        N/A       56%         5
 Summon Mana Viper        Hex/Summ       26%        N/A       65%         5
 Summon Cactus Giant      Summ           14%        N/A       99%         6
 Chain Lightning          Conj/Air       27%        3d36      100%        9
 Fire Storm               Conj/Fire      30%        8d8       100%        9
 Shatter                  Erth           36%        3d29*     100%        9
 Swiftness                Air            Unusable   N/A       N/A         3
 Blink                    Tloc           Unusable   N/A       N/A         2

Dungeon Overview and Level Annotations

Branches:
Dungeon (15/15)            Temple (1/1) D:4            Lair (5/5) D:10
  Swamp (4/4) Lair:3        Snake (0/4) Lair:2        Slime (0/5) Lair:5
    Orc (2/2) D:9             Elf (0/3) Orc:2        Vaults (4/5) D:13
  Crypt (0/3) Vaults:3     Depths (1/4) D:15        Ossuary (visited)

Altars:
Ashenzari
Cheibriados
Dithmenos
Elyvilon
Fedhas
Gozag
Hepliaklqana
Kikubaaqudgha
Makhleb
Nemelex Xobeh
Okawaru
Qazlal
Ru
Sif Muna
Trog
Uskayaw
Vehumet
Wu Jian
Xom
Yredelemnul
Zin
The Shining One

Shops:
D:1 =   D:2 ?   D:5 *   Orc:2 !*[::

Portals:
Abyss: Depths:1
Pandemonium: Orc:2

Annotations:
D:4 2 transporters
D:9 3 runed translucent doors, ChrisAssaf's ghost, novice DjAl
D:12 2 transporters
Lair:4 2 runed translucent doors, Rem's ghost, journeyman GnIE
Orc:2 3 runed translucent doors, sadbutuwu's ghost, journeyman DsGl


Innate Abilities, Weirdness & Mutations

You cannot be hasted, slowed, berserked, paralysed or teleported.
You can dig through walls and to a lower floor.
You have a pair of large antennae on your head. (SInv)
Your four strong arms can wield two-handed weapons with a shield.


Message History

The wraith is engulfed in blazing flames.
Casting: Ignite Poison (safe; 1% risk of failure)
Confirm with . or Enter, or press ? or * to list all spells.
Aiming: Vampiric Draining (safe; 1% risk of failure)
Press: ? - help, Shift-Dir - straight line, f/p - deep elf death mage
Aim: a deep elf death mage, wielding a +0 long sword (almost dead, very poisoned)
You draw life force from the deep elf death mage!
You kill the deep elf death mage!
Vehumet accepts your kill.
You feel your power returning.
You feel life coursing into your body.
The wraith is engulfed in blazing flames.
The ironbound thunderhulk is engulfed in blazing flames.
Electricity crackles from the ironbound thunderhulk's apparatus.
The bolt of lightning hits you!!!
* * * LOW HITPOINT WARNING * * *
Casting: Vampiric Draining (safe; 1% risk of failure)
Confirm with . or Enter, or press ? or * to list all spells.
Aiming: Dispel Undead (mildly dangerous; 1% risk of failure)
Press: ? - help, Shift-Dir - straight line, f - wraith
Aim: a wraith (almost destroyed, 100% to hit)
The wraith is dispelled!!!
You destroy the wraith!
Vehumet accepts your kill.
You feel your power returning.
A vampire mage comes into view.
The deep troll is engulfed in blazing flames.
The ironbound thunderhulk is engulfed in blazing flames.
The deep troll is engulfed in blazing flames.
The deep troll attacks as it pursues you!
You block the deep troll's attack.
The deep troll claws you but does no damage. x2
Electricity crackles from the ironbound thunderhulk's apparatus.
The bolt of lightning hits you!!
* * * LOW HITPOINT WARNING * * *
There is a stone staircase leading up here.
The deep troll closely misses you. The deep troll barely misses you.
The deep troll misses you.
Electricity crackles from the ironbound thunderhulk's apparatus.
The bolt of lightning hits you!!
You die...

### ###.#
###...#
##...>.#
#......#
#...@..####
#...T..#..
##..T..#.#
,
###...#.#.#
###.O..#>
###°#.# T#
..,, ##V


You could see an ironbound thunderhulk and 3 deep trolls.

Vanquished Creatures
  A sphinx (D:15)
  Roxanne (Swamp:3)
  A tengu reaver (Vaults:2)
  Donald (Swamp:3)
  6 vault wardens
  3 orc warlords
  13 ironbound preservers
  4 ironbound thunderhulks
  A stone giant (Depths:1)
  A deep elf death mage (Vaults:3)
  A formless jellyfish (Vaults:2)
  2 eleionomae
  5 dire elephants (Vaults:1)
  5 bunyips
  A blizzard demon (Depths:1)
  2 fire dragons (D:15)
  2 ettins
  3 shambling mangroves (Swamp:4)
  3 yaktaur captains
  An entropy weaver (D:13)
  An ice dragon (D:15)
  20 hydras
  Harold (Lair:2)
  2 ghost crabs
  4 ironbound frosthearts
  6 alligators
  7 vault guards
  A rakshasa (Depths:1)
  A peacekeeper (Vaults:2)
  12 centaur warriors
  2 demonspawn (Orc:2)
  2 two-headed ogres (Orc:2)
  4 boulder beetles
  A sphinx skeleton (D:15)
  5 orc high priests (Orc:2)
  2 deep troll earth magi
  A hell hog (Lair:5)
  4 death yaks
  A spriggan berserker (Depths:1)
  A sun demon (Orc:2)
  2 storm dragon zombies (D:15)
  Amaemon (Lair:2)
  An iron troll (Depths:1)
  Lodul (D:12)
  A death drake (Swamp:4)
  3 goliath frogs
  A skeletal warrior (D:15)
  10 swamp dragons
  2 spriggan druids
  25 deep trolls
  A necromancer (D:15)
  A flayed ghost (D:15)
  5 bog bodies (Swamp:3)
  7 lindwurms
  4 ugly things (D:15)
  A phantasmal warrior (Vaults:2)
  A deep elf pyromancer (D:12)
  7 orc sorcerers (Orc:2)
  A wolf spider (Lair:5)
  3 cyclopes
  9 orc knights
  7 ironbound convokers
  2 will-o-the-wisps
  5 manticores
  20 elephants
  6 meliai
  A moth of wrath (shapeshifter) (Vaults:2)
  8 black mambas
  10 vault sentinels
  2 kobold blastminers (Orc:2)
  A guardian serpent (Lair:5)
  3 torpor snails
  Maggie (D:6)
  2 orange demons
  21 cane toads
  An unseen horror (D:13)
  10 yaktaurs
  A kobold demonologist (D:11)
  A tengu conjurer (D:14)
  An efreet (D:15)
  6 komodo dragons
  A rime drake (D:10)
  7 trolls
  2 bloated husks (Swamp:3)
  13 polar bears
  Grinder (D:3)
  3 raiju (Lair:5)
  19 hornets
  9 blink frogs
  4 tyrant leeches
  3 dream sheep (Lair:1)
  A glass eye (D:15)
  39 slime creatures
  Sigmund (D:3)
  17 wyverns
  5 wraiths
  2 shadows
  8 spriggans
  A vampire (D:10)
  8 wargs
  30 yaks
  A fire elemental (Lair:2)
  6 basilisks
  11 vampire mosquitoes
  A redback (Lair:5)
  A steam dragon (D:8)
  3 chaos spawn (Orc:2)
  11 swamp worms
  A naga (Lair:2)
  Edmund (D:6)
  26 water moccasins
  14 hell hounds (Lair:5)
  3 ice beasts
  14 swamp drakes
  A sky beast (D:7)
  36 orc warriors
  13 black bears
  2 laughing skulls (D:14)
  14 ogres
  3 boggarts (D:14)
  14 wolves
  11 centaurs
  2 phantoms
  6 kobold brigands
  9 bullfrogs
  3 earth elementals
  A gnoll sergeant (D:10)
  2 scorpions (D:5)
  3 wights (D:9)
  5 killer bees (D:10)
  2 troll skeletons (Swamp:3)
  4 howler monkeys
  9 electric eels
  2 hounds
  A jelly (D:5)
  2 bombardier beetles
  2 gnoll boudas
  29 orc priests
  5 scorpion zombies (D:6)
  Natasha (thrice) (D:3)
  4 iguanas
  26 orc wizards
  8 mummies (Ossuary)
  2 howler monkey skeletons (D:6)
  13 gnolls
  7 adders
  A shadow imp (D:3)
  2 white imps (D:5)
  2 ufetubi (D:6)
  3 dart slugs
  86 orcs
  3 endoplasms
  3 giant cockroaches
  7 goblins
  5 hobgoblins
  2 jackals (D:1)
  13 kobolds
  2 quokkas (D:3)
  5 ball pythons
  7 bats
  3 frilled lizards
  3 gnoll zombies (Ossuary)
  A hobgoblin zombie (Ossuary)
  2 kobold zombies (Ossuary)
  2 orc zombies (Ossuary)
  9 rats
1003 creatures vanquished.

Vanquished Creatures (others)
  5 bloated husks
  A tyrant leech (Swamp:1)
  3 swamp worms (Swamp:2)
  An orc warrior (Orc:2)
  A boggart (D:14)
  3 orcs (Orc:2)
  8 foxfires
22 creatures vanquished.

Grand Total: 1025 creatures vanquished

Notes
Turn   | Place    | Note
-------+----------+-------------------------------------------
     0 | D:1      | Esekla the Formicid Hedge Wizard began the quest for the
                  | Orb.
     0 | D:1      | Reached XP level 1. HP: 13/13 MP: 4/4
   409 | D:1      | Found Kuwnoz's Jewellery Emporium.
   454 | D:1      | Reached XP level 2. HP: 19/20 MP: 4/6
   959 | D:1      | Reached skill level 1 in Conjurations
  1615 | D:2      | Reached XP level 3. HP: 25/25 MP: 8/8
  1619 | D:2      | Learned a level 3 spell: Mephitic Cloud
  1770 | D:2      | Reached skill level 1 in Fighting
  1866 | D:2      | Found Oliliy's Magic Scroll Boutique.
  1873 | D:2      | Bought a scroll of identify for 28 gold pieces
  1873 | D:2      | Bought a scroll of identify for 28 gold pieces
  2270 | D:3      | Noticed Sigmund
  2541 | D:3      | Noticed Grinder
  2548 | D:3      | Found an ornate altar of the Wu Jian Council.
  2738 | D:3      | Found a shadowy altar of Dithmenos.
  2765 | D:3      | Reached XP level 4. HP: 33/33 MP: 9/9
  2998 | D:4      | Noticed an ogre
  3161 | D:3      | Reached skill level 4 in Spellcasting
  3504 | D:3      | Noticed Natasha
  3514 | D:3      | Killed Natasha
  3515 | D:3      | Reached skill level 1 in Armour
  3515 | D:3      | Reached XP level 5. HP: 38/38 MP: 8/11
  3577 | D:3      | Noticed Natasha
  3596 | D:3      | Killed Natasha
  3678 | D:3      | Reached skill level 1 in Alchemy
  3836 | D:3      | Noticed Natasha
  3908 | D:4      | Found a glowing silver altar of Zin.
  3987 | D:4      | Reached skill level 1 in Air Magic
  4010 | D:4      | Found a staircase to the Ecumenical Temple.
  4022 | Temple   | Entered the Ecumenical Temple
  4067 | Temple   | Became a worshipper of Vehumet
  4103 | D:4      | Found a transporter.
  4266 | D:3      | Killed Natasha
  4267 | D:3      | Reached XP level 6. HP: 46/46 MP: 7/12
  4267 | D:3      | Killed Sigmund
  4268 | D:3      | Reached skill level 1 in Short Blades
  4268 | D:3      | Reached XP level 7. HP: 51/51 MP: 7/13
  4547 | D:4      | Found a sparkling altar of Nemelex Xobeh.
  4804 | D:4      | Found a transporter.
  5440 | D:5      | Entered Level 5 of the Dungeon
  5440 | D:5      | Noticed a water moccasin
  5457 | D:4      | You fall into a shaft and drop 2 floors!
  5471 | D:6      | Noticed Maggie
  5491 | D:6      | Killed Maggie
  5492 | D:6      | Reached skill level 1 in Throwing
  5492 | D:6      | Reached skill level 5 in Spellcasting
  5492 | D:6      | Reached XP level 8. HP: 44/60 MP: 11/15
  5687 | D:6      | Learned a level 2 spell: Scorch
  5775 | D:6      | Found a sand-covered staircase.
  5828 | Ossuary  | Entered an ossuary
  5875 | Ossuary  | Reached * piety under Vehumet
  5875 | Ossuary  | Offered knowledge of Kiss of Death by Vehumet.
  5913 | Ossuary  | Reached skill level 1 in Long Blades
  6239 | Ossuary  | Reached skill level 1 in Fire Magic
  6540 | D:6      | Reached XP level 9. HP: 51/66 MP: 13/17
  6547 | D:6      | Found an opulent altar of Gozag.
  6639 | D:6      | Noticed Edmund
  6754 | D:6      | Reached skill level 6 in Spellcasting
  6781 | D:6      | Found an ancient bone altar of Kikubaaqudgha.
  7145 | D:5      | Found Amudiy's Serpentskin Sales.
  7585 | D:5      | Reached skill level 5 in Stealth
  7818 | D:6      | Killed Edmund
  7819 | D:6      | Reached skill level 5 in Fighting
  8306 | D:1      | Bought the ring of the Tarantula {AC+4 Int+3} for 542 gold
                  | pieces
  8735 | D:7      | Offered knowledge of Static Discharge by Vehumet.
  8796 | D:7      | Reached skill level 7 in Spellcasting
  8796 | D:7      | Reached XP level 10. HP: 63/74 MP: 17/20
  8817 | D:7      | Reached ** piety under Vehumet
  8848 | D:7      | Identified the +4 mace "Xutoanun" {flame, rElec}
  9886 | D:9      | Found a runed translucent gate.
  9886 | D:9      | Found a runed translucent gate.
  9886 | D:9      | Found a runed translucent gate.
  9889 | D:9      | Noticed a spectral centaur warrior
  9891 | D:9      | Noticed a spectral centaur warrior
  9891 | D:9      | Noticed ChrisAssaf's ghost (novice DjAl)
  9923 | D:9      | Reached skill level 5 in Fire Magic
  9944 | D:9      | Offered knowledge of Hailstorm by Vehumet.
  9991 | D:9      | Reached *** piety under Vehumet
 10145 | D:9      | Noticed a manticore
 10166 | D:9      | Reached skill level 8 in Spellcasting
 10179 | D:9      | Offered knowledge of Ignite Poison by Vehumet.
 10180 | D:9      | Reached XP level 11. HP: 58/82 MP: 15/23
 10183 | D:9      | Killed a manticore
 10189 | D:9      | Learned a level 4 spell: Ignite Poison
 10213 | D:9      | Identified the +3 spear of Lamuov {freeze, *Rage ^Drain
                  | rPois SInv}
 10238 | D:9      | Identified the +5 flail of Loda {freeze, rPois rN+++ Str-4
                  | Dex+3}
 10459 | D:9      | Found a staircase to the Orcish Mines.
 10615 | D:9      | Found a burning altar of Makhleb.
 10917 | Orc:1    | Entered Level 1 of the Orcish Mines
 10925 | Orc:1    | Noticed an ettin
 10936 | Orc:1    | Killed an ettin
 10937 | Orc:1    | Reached skill level 5 in Conjurations
 10937 | Orc:1    | Reached skill level 5 in Alchemy
 11071 | Orc:2    | Entered Level 2 of the Orcish Mines
 11071 | Orc:2    | Noticed an orc sorcerer
 11074 | Orc:2    | Killed an orc sorcerer
 11112 | Orc:2    | Found Ylioz's Vocational Training.
 11327 | D:5      | Bought Sihafal's Vellum of the Ouroboros for 374 gold
                  | pieces
 11333 | D:5      | Learned a level 5 spell: Irradiate
 11429 | D:10     | Entered Level 10 of the Dungeon
 11767 | D:10     | Found a snail-covered altar of Cheibriados.
 12027 | D:10     | Identified the +3 ring mail of Lugonu's Esteem {rPois}
 12072 | D:10     | Found a white marble altar of Elyvilon.
 12252 | D:10     | Reached skill level 1 in Necromancy
 12268 | D:10     | Reached skill level 9 in Spellcasting
 12340 | D:10     | Found a staircase to the Lair.
 12351 | D:10     | Reached **** piety under Vehumet
 12484 | Lair:1   | Entered Level 1 of the Lair of Beasts
 12566 | Lair:1   | Offered knowledge of Iskenderun's Battlesphere by Vehumet.
 12742 | Lair:1   | Reached skill level 1 in Shields
 12742 | Lair:1   | Reached XP level 12. HP: 83/92 MP: 20/25
 12938 | Lair:1   | Reached skill level 5 in Armour
 13008 | Lair:1   | Learned a level 3 spell: Ozocubu's Armour
 13136 | Lair:1   | Reached skill level 5 in Short Blades
 13440 | Lair:1   | Reached skill level 1 in Ice Magic
 13657 | Lair:2   | Noticed an eight-headed hydra
 13667 | Lair:2   | You fall into a shaft and drop 1 floor!
 14173 | Lair:2   | Noticed Amaemon
 14189 | Lair:2   | Killed Amaemon
 14197 | Lair:2   | Reached XP level 13. HP: 38/99 MP: 19/26
 14277 | Lair:2   | Reached ***** piety under Vehumet
 14552 | Lair:2   | Offered knowledge of Bombard by Vehumet.
 14572 | Lair:2   | Found a staircase to the Snake Pit.
 14725 | Lair:2   | Noticed Harold
 14948 | D:10     | Reached skill level 5 in Long Blades
 15189 | D:10     | Learned a level 3 spell: Call Canine Familiar
 15397 | D:11     | Reached skill level 10 in Spellcasting
 16432 | D:12     | Learned a level 4 spell: Dispel Undead
 16513 | D:12     | Found a transporter.
 16513 | D:12     | Found a transporter.
 17195 | D:12     | Noticed Lodul
 17204 | D:12     | Reached skill level 5 in Shields
 17204 | D:12     | Killed Lodul
 17745 | Lair:2   | Killed Harold
 18404 | Lair:3   | Reached XP level 14. HP: 108/108 MP: 24/28
 18833 | Lair:3   | Found a staircase to the Swamp.
 19126 | Lair:4   | Identified the ring "Bafoclin" {rElec rF- Int+6 Dex+7}
 19164 | Lair:4   | Noticed Rem's ghost (journeyman GnIE)
 19174 | Lair:4   | Found a runed translucent door.
 19185 | Lair:4   | Offered knowledge of Lee's Rapid Deconstruction by Vehumet.
 19266 | Lair:4   | Learned a level 5 spell: Lee's Rapid Deconstruction
 19327 | Lair:4   | Reached skill level 5 in Necromancy
 19471 | Lair:4   | Found a runed translucent door.
 19845 | Lair:5   | Entered Level 5 of the Lair of Beasts
 19855 | Lair:4   | Learned a level 3 spell: Fugue of the Fallen
 19899 | Lair:4   | Reached skill level 5 in Ice Magic
 19899 | Lair:4   | Reached skill level 1 in Earth Magic
 19988 | Lair:5   | Found a staircase to the Slime Pits.
 20077 | Lair:5   | Reached skill level 11 in Spellcasting
 20747 | Lair:5   | Learned a level 3 spell: Vampiric Draining
 20976 | Lair:5   | Reached skill level 5 in Dodging
 21273 | Lair:5   | Identified the +1 scale mail "Esieneg" {rN+}
 21536 | Lair:5   | Reached XP level 15. HP: 100/114 MP: 12/30
 22098 | Lair:5   | Offered knowledge of Eringya's Noxious Bog by Vehumet.
 22601 | Lair:5   | Reached skill level 10 in Fighting
 23203 | Orc:2    | Reached skill level 12 in Spellcasting
 23507 | Orc:2    | Found Cuireis's General Store.
 23509 | Orc:2    | Found Fepaw's Distillery.
 23728 | Orc:2    | Found a staircase to the Elven Halls.
 23809 | Orc:1    | Noticed an orc warlord
 23816 | Orc:1    | Offered knowledge of Starburst by Vehumet.
 23837 | Orc:2    | Killed an orc warlord
 24140 | Orc:2    | Found a runed translucent gate.
 24140 | Orc:2    | Found a runed translucent gate.
 24140 | Orc:2    | Found a runed translucent gate.
 24149 | Orc:2    | Noticed sadbutuwu's ghost (journeyman DsGl)
 24364 | Orc:2    | Reached skill level 5 in Earth Magic
 24661 | Orc:2    | Bought a scroll of noise for 16 gold pieces
 24742 | Orc:2    | Reached skill level 10 in Long Blades
 25026 | Orc:2    | Reached XP level 16. HP: 39/118 MP: 21/32
 25113 | Orc:2    | Found Visoh's Antique Armour Boutique.
 25113 | Orc:2    | Found Wuqybba's Book Shop.
 25115 | Orc:2    | Found a one-way gate leading to the halls of Pandemonium.
 25214 | Orc:2    | Identified a scroll of acquirement
 25249 | Orc:2    | Bought a scroll of identify for 32 gold pieces
 25249 | Orc:2    | Bought a scroll of identify for 32 gold pieces
 25330 | Orc:2    | Bought a potion of invisibility for 96 gold pieces
 25556 | D:2      | Bought a scroll of acquirement for 728 gold pieces
 25556 | D:2      | Acquired 271 gold pieces
 25557 | D:2      | Acquired a +3 demon blade of venom
 25577 | D:3      | Killed Grinder
 26158 | D:13     | Found a gate to the Vaults.
 27384 | D:14     | Offered knowledge of Conjure Ball Lightning by Vehumet.
 27594 | D:14     | Learned a level 1 spell: Apportation
 27771 | D:14     | Identified the +0 scale mail of Cubazuva {rCorr}
 27778 | D:15     | Entered Level 15 of the Dungeon
 28345 | D:15     | Found a staircase to the Depths.
 28982 | D:15     | Reached skill level 13 in Spellcasting
 29053 | Depths:1 | Entered Level 1 of the Depths
 29054 | Depths:1 | Noticed a sphinx
 29191 | D:15     | Killed a sphinx
 29561 | Depths:1 | Found a one-way gate to the infinite horrors of the Abyss.
 29769 | Depths:1 | Noticed a sphinx
 29790 | D:15     | Reached XP level 17. HP: 40/131 MP: 19/34
 30114 | Swamp:1  | Entered Level 1 of the Swamp
 30928 | Swamp:1  | Reached skill level 10 in Armour
 31908 | Swamp:3  | Offered knowledge of Plasma Beam by Vehumet.
 32712 | Swamp:3  | Noticed Roxanne
 32726 | Swamp:3  | Killed Roxanne
 33039 | Swamp:4  | Entered Level 4 of the Swamp
 33039 | Swamp:4  | Noticed Donald
 33219 | Swamp:3  | Killed Donald
 33220 | Swamp:3  | Reached skill level 14 in Spellcasting
 34579 | Swamp:4  | Reached XP level 18. HP: 94/140 MP: 19/36
 34926 | Swamp:4  | Reached skill level 10 in Alchemy
 35682 | Swamp:4  | Got a decaying rune of Zot
 36131 | Vaults:1 | Entered Level 1 of the Vaults
 36248 | Vaults:1 | Offered knowledge of Lehudib's Crystal Spear by Vehumet.
 37500 | Vaults:1 | Reached skill level 15 in Spellcasting
 37867 | Vaults:1 | Reached skill level 10 in Earth Magic
 38290 | Vaults:1 | Reached XP level 19. HP: 112/147 MP: 35/38
 38471 | Vaults:2 | Reached skill level 10 in Necromancy
 38845 | Vaults:2 | Reached skill level 1 in Translocations
 39451 | Vaults:2 | Reached ****** piety under Vehumet
 39534 | Vaults:2 | Offered knowledge of Polar Vortex by Vehumet.
 39534 | Vaults:2 | Offered knowledge of Ignition by Vehumet.
 39534 | Vaults:2 | Offered knowledge of Maxwell's Capacitive Coupling by
                  | Vehumet.
 39589 | Vaults:2 | Identified the +0 robe of the Sky {Str+3 Int+4 Stlth+}
 39741 | Vaults:3 | Killed from afar by an ironbound thunderhulk

Illustrated notes

Levels and vault maps discovered:
D:1:      dpeg_arrival_line_fractal, layout_basic, serial_shops,
          nicolae_shop_gaudy_bauble
D:2:      layout_loops_corners, serial_shops, shop
D:3:      layout_loops_corners, nicolae_dithmenos_through_a_glass_darkly,
          mainiacjoe_overflow_small_starburst, uniq_grinder, uniq_natasha,
          uniq_sigmund
D:4:      gammafunk_steamed_eel, layout_basic, marbit_many_paths,
          mainiacjoe_overflow_brackets, temple_statues, kennysheep_crisscross
D:5:      layout_cave_pools, chequers_serial_rivers_large_b, minmay_holes,
          guppyfry_shop_venom
D:6:      layout_loops_ring, lemuel_tele_altar, kiku_gazebo_garden_becter,
          mainiacjoe_ossuary_entry_find_the_door, uniq_edmund, uniq_maggie
D:7:      layout_cave_pods, blue_anna_alchemist, chequers_garden,
          nicolae_figureground_sparkle
D:8:      layout_cave_pools
D:9:      layout_irregular_city, lightli_temple_of_fire, erik_orc_4,
          gammafunk_ghost_necromancy
D:10:     layout_basic, kennysheep_slug_shrine, elyvilon_altar_1,
          hellmonk_lair_entry_icy, st_stairs_1
D:11:     layout_cave_pods
D:12:     gammafunk_boulding_lane, layout_loops_corners, uniq_lodul
D:13:     layout_stronghold, hellmonk_vaults_order_and_chaos
D:14:     layout_roguey, kennysheep_just_a_vault
D:15:     gammafunk_depths_entry_grave, layout_basic,
          hangedman_abyss_or_decor_lesser_grid
Temple:   nicolae_temple_god_jail
Lair:1:   layout_cave_pods, serial_bayou_ford_a
Lair:2:   layout_gridlike, guppyfry_snake_entry_island, serial_bayou,
          serial_bayou_shore_a, serial_bayou_lagoon_b, serial_bayou_lake_a,
          serial_bayou_pond_e, uniq_harold, uniq_amaemon
Lair:3:   layout_regular_city, nicolae_swamp_entry_splash_gauntlet,
          lemuel_fruit_fields, grunt_megastairs_5
Lair:4:   gammafunk_mikee_crab_dinner, layout_regular_city,
          hellmonk_ghost_happy_afterlife, serial_bayou_pond_e
Lair:5:   hangedman_lair_caniforms_friends, layout_layer_cave,
          hangedman_lair_tendril_chambers, slime_entry_1
Swamp:1:  layout_basic_swamp, evilmike_swamp_ruin_house_6
Swamp:2:  layout_falls_marsh, nicolae_swamp_some_circles, swamp_pool_4,
          nzn_swamp_blast_mining
Swamp:3:  layout_falls_marsh, evilmike_swamp_ruin_rubble_2, swamp_pool_5,
          cheibrodos_swamp_minitomb, uniq_roxanne
Swamp:4:  swamp, layout_basic_swamp, uniq_donald
Orc:1:    layout_diamond_mine
Orc:2:    pf_orc_diabolical, layout_diamond_mine,
          maelrawn_ghost_gauntlet_escape, nicolae_orc_hostile_takeover,
          nicolae_shop_vocational
Vaults:1: vaults_room_fancy_cross, nicolae_vaults_big_angled_halls,
          vaults_mumra_lcd, nicolae_vaults_network_star,
          nicolae_vaults_tetromino_L_1, hangedman_vaults_variations,
          nicolae_vaults_tetromino_T_2, nicolae_vaults_tetromino_Z_1,
          v_pattern_4, vaults_room_door_ring, layout_vaults_omnicross
Vaults:2: v_misc_13, dpeg_vaults_monster_row, hangedman_vaults_trim,
          vaults_room_grunt_arrival_checkpoint, v_misc_19,
          ontoclasm_vaults_misaligned, nicolae_vaults_apartment_1,
          nicolae_vaults_weapon_check, nicolae_vaults_two_Ls,
          nicolae_vaults_double_plus_2, layout_vaults_ring
Vaults:3: nicolae_vaults_six-pack, nicolae_vaults_fighting_squares,
          nicolae_vaults_network_quincunx
          [nicolae_vaults_network_quincunx_subvault,
          nicolae_vaults_network_quincunx_subvault,
          nicolae_vaults_network_quincunx_subvault,
          nicolae_vaults_network_quincunx_subvault,
          nicolae_vaults_network_quincunx_subvault], ontoclasm_vaults_pinch,
          nicolae_vaults_turnstiles, minmay_crypt_entry_simple_box,
          v_alt_pattern_6, nicolae_vaults_trapezoid_2,
          nicolae_vaults_cornered_office, nicolae_vaults_ring_of_whatevers,
          v_rooms_6, nicolae_vaults_cochlea, vaults_room_stairs_pillars,
          nicolae_vaults_tangram_2, nicolae_vaults_hallways_thing,
          nicolae_vaults_specimen_jars, layout_vaults_maze
Vaults:4: grunt_vaults_trifunnel, v_misc_25, v_misc_1,
          nicolae_vaults_storage_closets_3, nicolae_vaults_big_ls,
          vaults_room_boxed, v_rooms_5, v_misc_22, vaults_room_pools,
          layout_vaults_chaotic_city, uniq_boris, uniq_margery
Depths:1: layout_roguey, abyss_entry, hangedman_coc_ice_floe,
          gammafunk_ghost_abyssal_escape, hangedman_abyss_or_decor_passed,
          nicolae_diode_quadrants, serial_bayou_shore_b

Skill      XL: |  1  2  3  4  5  6  7  8  9 10 11 12 13 14 15 16 17 18 19 |
---------------+----------------------------------------------------------+-----
Conjurations   | 1 2 4 5 6 7 |  7.1
Fighting       | 1 2 3 4 5 6 7 8 9 10 11 12 13 | 13.0
Stealth        | 3 4 5 6 7 8 9 |  9.4
Spellcasting   | 4 5 7 8 9 10 11 12 13 14 15 | 15.7
Armour         | 1 2 3 4 5 7 8 9 10 | 10.6
Alchemy        | 1 2 3 4 5 6 7 8 9 10 | 10.7
Air Magic      | 1 2 3 |  3.9
Short Blades   | 1 2 3 4 5 6 |  6.3
Dodging        | 2 3 4 5 6 |  6.2
Throwing       | 1 2 3 |  3.1
Long Blades    | 1 2 4 7 9 10 11 12 13 14 | 14.0
Fire Magic     | 1 3 5 6 7 |  7.5
Necromancy     | 1 3 4 6 7 8 9 10 | 10.4
Shields        | 1 4 5 6 7 |  7.7
Ice Magic      | 2 4 5 6 7 |  7.9
Earth Magic    | 3 5 6 8 10 | 10.8
Translocations | 1 |  1.2
Polearms       | |  0.9
Summonings     | |  1.0
Evocations     | |  0.6

Action                     |  1- 3 |  4- 6 |  7- 9 | 10-12 | 13-15 | 16-18 | 19-21 || total
---------------------------+-------+-------+-------+-------+-------+-------+-------++-------
  Melee: Dagger            |   104 |   145 |   181 |   397 |   885 |   436 |   115 ||  2263
         Punch             |     1 |     1 |     8 |    11 |       |       |       ||    21
         Falchion          |       |       |    87 |    71 |   322 |    83 |       ||   563
         Glaive            |       |       |    14 |     7 |       |     4 |       ||    25
         Scimitar          |       |       |       |       |       |   273 |   102 ||   375
  Throw: Boomerang         |       |       |    26 |       |     3 |    29 |     2 ||    60
         Dart              |       |       |       |     8 |    66 |    25 |    14 ||   113
   Cast: Magic Dart        |    39 |    28 |    37 |     6 |       |       |       ||   110
         Mephitic Cloud    |       |     5 |    20 |    46 |    67 |    96 |    26 ||   260
         Scorch            |       |       |    22 |     3 |       |     1 |       ||    26
         Ignite Poison     |       |       |       |    34 |   118 |    99 |    29 ||   280
         Irradiate         |       |       |       |    10 |    32 |    71 |     6 ||   119
         Ozocubu's Armour  |       |       |       |     2 |    42 |    75 |     6 ||   125
         Dispel Undead     |       |       |       |       |     4 |    11 |     1 ||    16
         Vampiric Draining |       |       |       |       |    14 |    66 |     2 ||    82
         Fugue of the Fall |       |       |       |       |     7 |    10 |     7 ||    24
         Lee's Rapid Decon |       |       |       |       |       |    15 |     1 ||    16
         Apportation       |       |       |       |       |       |    10 |     7 ||    17
Ability: Shaft Self        |       |       |     1 |     1 |       |       |       ||     2
         Dig               |       |       |       |       |     1 |       |       ||     1
  Evoke: Wand              |       |       |       |       |     1 |       |       ||     1
    Use: Scroll            |     2 |     2 |     5 |     3 |     9 |    11 |     1 ||    33
         Potion            |     1 |       |     1 |     3 |     1 |     7 |       ||    13
   Stab: Sleeping          |     7 |     1 |     8 |     6 |     8 |    11 |     4 ||    45
         Confused          |       |     5 |     9 |    21 |    32 |    29 |    13 ||   109
         Distracted        |       |       |       |       |     3 |       |       ||     3
 Armour: Robe              |    35 |       |       |       |       |       |       ||    35
         Leather armour    |    15 |    63 |    16 |       |       |       |       ||    94
         Steam dragon scal |       |       |   151 |   128 |       |       |       ||   279
         Skin              |       |       |       |    17 |       |       |       ||    17
         Ring mail         |       |       |       |   187 |   904 |  1059 |   128 ||  2278
  Dodge: Dodged            |    79 |    78 |   145 |   265 |   617 |   513 |    60 ||  1757
  Block: Buckler           |       |       |       |    50 |   448 |   392 |    64 ||   954
